 Dungeon Crawl Stone Soup version 0.30.1-11-g7821555f0a (webtiles) character file.

Game seed: 11298938021906317646

196 Tali the Chopper (level 5, -7/55 HPs)
             Began as a Demonspawn Chaos Knight on Dec 9, 2023.
             Was a Plaything of Xom.
             Mangled by Maggie the tengu
             ... wielding a +2 heavy morningstar
              (12 damage)
             ... on level 7 of the Dungeon.
             The game lasted 00:04:32 (2600 turns).

Tali the Chopper (Demonspawn Chaos Knight)          Turns: 2600, Time: 00:04:33

Health: -7/55      AC: 22    Str: 14    XL:     5   Next: 45%
Magic:  5/5        EV:  2    Int: 13    God:    Xom [.*....]
Gold:   135        SH:  0    Dex: 11    Spells: 4/4 levels left

rFire   . . .        a - +0 hand axe (chaos)
rCold   . . .        (no shield)
rNeg    . . .        b - melded +2 leather armour
rPois   +            (helmet currently unavailable)
rElec   .            (cloak currently unavailable)
rCorr   .            q - melded +0 pair of gloves
SInv    +            (boots currently unavailable)
Will    .....        (no amulet)
Stlth   ++           g - ring of see invisible
HPRegen 0.29/turn    (no ring)
MPRegen 0.18/turn

%: clarity
@: tree-form, invisible
A: stationary, stasis, torment immunity, boosted hp, magic regeneration,
(demonic touch 1), (hooves 1), clarity, clumsy 1, frail 1, subdued magic 1
a: Renounce Religion


You were on level 7 of the Dungeon.
You worshipped Xom.
You were a plaything of Xom.
You were a tree.
You visited 1 branch of the dungeon, and saw 5 of its levels.

You collected 135 gold pieces.

Inventory:

Hand Weapons
 a - a +0 hand axe of chaos (weapon)
 t - a +4 vampiric scythe
Missiles
 d - 6 poisoned darts
 m - 3 datura-tipped darts
Armour
 b - a +2 leather armour (melded)
 q - a +0 pair of gloves (melded)
Magical Staves
 h - a staff of conjuration
 k - a staff of death
 u - the staff of death "Riceev" {rElec rPois rN+ Dex+2}
   (You found it on level 2 of the Dungeon)

   [staff of death]

   Base accuracy: +5 Base damage: 5 Base attack delay: 1.2 This weapon's minimum
   attack delay (0.6) is reached at skill level 12.
   Dex:       It affects your dexterity (+2).
   rElec:     It insulates you from electricity.
   rPois:     It protects you from poison.
   rN:        It protects you from negative energy.
   It falls into the 'Staves' category.
   It is a one-handed weapon.
Jewellery
 g - a ring of see invisible (left branch)
Scrolls
 e - a scroll of magic mapping
 f - 2 scrolls of teleportation
 j - a scroll of blinking
 l - a scroll of amnesia
 n - a scroll of vulnerability {unknown}
 p - a scroll of fear {unknown}
Potions
 i - a potion of flight
 o - 5 potions of brilliance
 r - a potion of attraction
Miscellaneous
 c - a piece from Xom's chessboard (15/15) (quivered)


   Skills:
 + Level 3.8 Fighting
 + Level 4.1 Axes
 + Level 2.6 Armour
 + Level 1.5 Dodging
 + Level 1.8 Stealth


You had 4 spell levels left.
You didn't know any spells.
Your spell library contained the following spells:

 Spells                   Type           Power      Damage    Failure   Level
 Cigotuvi's Dreadful Rot  Necr/Pois/Air  0%         N/A       38%         2
 Ozocubu's Armour         Ice            0%         N/A       63%         3
 Dispel Undead            Necr           0%         3d6       96%         4
 Metabolic Englaciation   Hex/Ice        0%         N/A       100%        5
 Death Channel            Necr           0%         N/A       100%        6
 Simulacrum               Ice/Necr       0%         N/A       100%        6


Dungeon Overview and Level Annotations

Branches:
Dungeon (7/15)
 Temple: D:4-7

Altars:
Qazlal
Yredelemnul

Shops:
D:3 [

Annotations:
D:7 Maggie


Innate Abilities, Weirdness & Mutations

You are a tree.
Your roots penetrate the ground, keeping you stationary.
You cannot be teleported.
You are immune to unholy pain and torment.
Your maximum health is greatly increased.
Your equipment is partially melded.
You regenerate magic rapidly.
((Your touch may inflict minor irresistible damage on your foes.))
((You have large cloven feet.))
You possess an exceptional clarity of mind.
You are clumsy. (Dex -2)
You are frail. (-10% HP)
Your spells are a little easier to cast, but a little less powerful.


Message History

You swap places.
Xom complains about the scenery.
You are now a plaything of Xom.
Maggie hits you with a +2 heavy morningstar!
* * * LOW HITPOINT WARNING * * *
Unknown command.
It was a potion of flight.
You feel very buoyant.
You fly up into the air.
Maggie gestures wildly while chanting.
Maggie attempts to bespell you!
You are unaffected.
It was a potion of invisibility.
You fade into invisibility!
Maggie hits you with a +2 heavy morningstar!
* * * LOW HITPOINT WARNING * * *
It was a potion of lignification.
You turn into a tree.
Your +0 pair of gloves melds into your body.
Your +2 leather armour melds into your body.
Your roots penetrate the ground.
Xom thinks this is hilarious!
You cannot move.
As you read the scroll labelled GAIXTY IDORAE, it crumbles to dust.
It is a scroll of amnesia.
You feel forgetful for a moment. Maggie hits you but does no damage.
Something bites your butterfly.
Your butterfly dies!
Your butterfly disappears in a puff of smoke!
You hit Maggie but do no damage.
Maggie is poisoned.
You punch Maggie, but do no damage.
Maggie is lightly wounded.
Xom's power touches on a nearby monster.
Maggie evaporates and reforms as a tengu!
A black bear comes into view.
You barely miss Maggie.
Maggie picks up a +2 heavy morningstar.
Maggie wields a +2 heavy morningstar.
Maggie picks up +0 steam dragon scales.
Maggie wears +0 steam dragon scales.
You hit Maggie.
Maggie is lightly wounded.
Maggie hits you with a +2 heavy morningstar!
You die...
Xom titters!

#####...#.###
####..##.#
#........#
#.########
####.....#
#.....##.#####
####..##...bb#
#....######b#
# #>##.#
#♣##.# #.##.#
#bQh§# #....#
###### ######


You could see a black bear (unable to see you) and Maggie the tengu (unable to
see you, ally target).

Vanquished Creatures
  A hound (D:2)
  Jessica (D:2)
  Terence (D:2)
  Robin (D:2)
  A gnoll (D:1)
  2 adders
  A dart slug (D:2)
  3 orcs (D:3)
  3 endoplasms (D:2)
  4 giant cockroaches
  12 goblins
  7 hobgoblins
  2 quokkas
  5 ball pythons
  5 bats
  4 frilled lizards
  4 kobolds
  11 rats
68 creatures vanquished.

Vanquished Creatures (collateral kills)
  An adder (D:3)
1 creature vanquished.

Grand Total: 69 creatures vanquished

Notes
Turn   | Place    | Note
-------+----------+-------------------------------------------
     0 | D:1      | Tali the Demonspawn Chaos Knight began the quest for the
                  | Orb.
     0 | D:1      | Reached XP level 1. HP: 18/18 MP: 1/1
   163 | D:1      | XOM: divination: magic mapping
   197 | D:1      | Gained mutation: You regenerate magic rapidly. [demonic
                  | ancestry]
   197 | D:1      | Reached XP level 2. HP: 24/24 MP: 2/2
   372 | D:1      | Reached skill level 3 in Axes
   372 | D:1      | Reached skill level 1 in Dodging
   428 | D:1      | Reached XP level 3. HP: 29/29 MP: 3/3
   549 | D:1      | XOM: silly message
   673 | D:1      | XOM: polymorph endoplasm -> adder
   675 | D:1      | XOM: silly message
   773 | D:1      | XOM: give mutations
   773 | D:1      | Gained mutation: You are clumsy. (Dex -2) [Xom's mischief]
   773 | D:1      | Gained mutation: You are weak. (Str -2) [Xom's mischief]
   773 | D:1      | Gained mutation: You possess an exceptional clarity of
                  | mind. [Xom's mischief]
   857 | D:1      | XOM: give mutations
   857 | D:1      | Lost mutation: You possess an exceptional clarity of mind.
                  | [Xom's mischief]
   857 | D:1      | Lost mutation: You are weak. (Str -2) [Xom's mischief]
   857 | D:1      | Gained mutation: You have large cloven feet. [Xom's
                  | mischief]
   914 | D:2      | Noticed Terence
   926 | D:2      | Killed Terence
  1012 | D:2      | Noticed Robin
  1015 | D:2      | Reached XP level 4. HP: 31/35 MP: 4/4
  1019 | D:2      | XOM: noise
  1033 | D:2      | Killed Robin
  1034 | D:2      | Reached skill level 1 in Stealth
  1100 | D:2      | Noticed Jessica
  1105 | D:2      | Killed Jessica
  1116 | D:2      | XOM: cloud trail
  1173 | D:2      | Found a basalt altar of Yredelemnul.
  1820 | D:2      | Identified the staff of death "Riceev" {rElec rPois rN+
                  | Dex+2}
  1820 | D:2      | Noticed Sigmund
  1826 | D:2      | Sigmund changed into Sigmund the hound
  1826 | D:2      | Noticed Sigmund
  1826 | D:2      | XOM: polymorph Sigmund -> Sigmund the hound
  1834 | D:2      | Killed Sigmund the hound
  1835 | D:2      | Reached skill level 4 in Axes
  1835 | D:2      | Gained mutation: Your touch may inflict minor irresistible
                  | damage on your foes. [demonic ancestry]
  1835 | D:2      | Reached XP level 5. HP: 30/42 MP: 5/5
  1906 | D:2      | XOM: give mutations
  1906 | D:2      | Gained mutation: Your spells are a little easier to cast,
                  | but a little less powerful. [Xom's mischief]
  1906 | D:2      | Gained mutation: You are frail. (-10% HP) [Xom's mischief]
  1906 | D:2      | Gained mutation: You possess an exceptional clarity of
                  | mind. [Xom's mischief]
  2111 | D:3      | XOM: cast spell 'Summon Mana Viper'
  2320 | D:3      | Found a stormy altar of Qazlal.
  2489 | D:3      | Found Zasan's Antique Armour Shoppe.
  2539 | D:4      | You fall into a shaft and drop 3 floors!
  2585 | D:7      | Noticed Maggie
  2588 | D:7      | XOM: butterfly on damage
  2593 | D:7      | XOM: scenery: summon butterflies
  2598 | D:7      | Maggie changed into Maggie the tengu
  2598 | D:7      | Noticed Maggie
  2598 | D:7      | XOM: polymorph Maggie -> Maggie the tengu
  2598 | D:7      | Noticed a black bear
  2600 | D:7      | Mangled by Maggie the tengu

Illustrated notes

Levels and vault maps discovered:
D:1:      mrwooster_arrival_arrow, layout_basic, corexii_leaking_fountain,
          st_stairs_11
D:2:      layout_loops_corners, basic_altar, uniq_terence, uniq_robin,
          uniq_sigmund, uniq_jessica
D:3:      layout_rooms, amethyst_overflow_temple_binary, serial_shops,
          nicolae_diamond_shop
D:4:      layout_gridville, gammafunk_ghost_smash
D:7:      layout_basic, minmay_temple_entry_large_hall,
          hangedman_abyss_or_decor_stabs, uniq_maggie

Skill      XL: |  1  2  3  4 |
---------------+-------------+-----
Armour         | 2 |  2.6
Axes           | 3 4 |  4.1
Dodging        | 1 |  1.5
Stealth        | 1 |  1.8
Fighting       | |  3.8

Action                     |  1- 3 |  4- 6 || total
---------------------------+-------+-------++-------
  Melee: Hand axe          |    69 |   101 ||   170
         Kick              |     3 |    19 ||    22
         Punch             |       |     2 ||     2
         Touch             |       |     1 ||     1
    Use: Potion            |       |     4 ||     4
         Scroll            |       |     6 ||     6
   Stab: Sleeping          |     1 |     1 ||     2
         Paralysed         |     1 |     7 ||     8
 Armour: Leather armour    |    28 |    33 ||    61
         Skin              |       |     1 ||     1
  Dodge: Dodged            |    36 |    58 ||    94
